[Event "WYCC 2018 O18"]
[Site "Halkidiki"]
[Date "2018.10.21"]
[Round "2"]
[White "Galiana Fernandez, Adrian"]
[Black "Stavropoulos, Konstantinos"]
[Result "1-0"]
[ECO "B47"]
[WhiteElo "2261"]
[BlackElo "2045"]
[Annotator "NA"]
[PlyCount "83"]
[EventDate "2018.10.20"]
[EventType "swiss"]
[EventCountry "GRE"]
[SourceTitle "playchess.com"]
[Source "ChessBase"]
[SourceQuality "1"]
[TimeControl "40/5400+30:1800+30"]

1. e4 c5 2. Nf3 Nc6 3. d4 cxd4 4. Nxd4 e6 5. Nc3 Qc7 6. g3 a6 7. Bg2 h5 8. O-O {[%emt 0:01:17] B47: Sicilian: Taimanov: 5 Nc3 Qc7 6 f4, 6 g3 and 6 Be2} Nf6 9. h3 (9. Re1 Nxd4 10. Qxd4 Bc5 11. Bf4 d6 12. Qd2 Ng4 13. Re2 O-O 14. Rd1 Ne5 15. Na4 Ba7 16. b3 {½-½ (45) Firouzja,A (2561)-Le,Q (2727) Abu Dhabi 2018}) 9... Be7 10. Re1 d6 11. Nxc6 $146 ({Predecessor:} 11. a4 Rb8 12. Nb3 h4 13. g4 Nh7 {1-0 (36) Mrva,M (2417)-Macko,M (2167) Slovakia 2015}) 11... bxc6 12. e5 dxe5 13. Rxe5 O-O 14. Re1 Rd8 15. Qf3 Bd7 16. Bf4 Qb6 17. Na4 Qa5 18. b3 Rac8 19. Nb2 Qf5 20. Nc4 Nd5 21. Nd6 Bxd6 22. Bxd6 Qxc2 23. Qxh5 Qh7 24. Qe2 a5 25. Rac1 f6 26. Rc4 Kf7 (26... e5 $16 {was called for.}) 27. Rh4 Qg8 28. Be4 g6 29. Rh6 Nc3 30. Qd3 Nxe4 31. Rxe4 g5 32. Rd4 f5 33. Be5 Ke7 34. Bf6+ Ke8 35. Rh8 Qxh8 36. Bxh8 c5 37. Rd6 Ke7 38. Be5 $18 a4 39. Qd2 f4 40. Qd3 Be8 41. Rxd8 Rxd8 42. Bf6+ 1-0

[Event "WYCC 2018 O18"]
[Site "Halkidiki"]
[Date "2018.10.21"]
[Round "2"]
[White "Bratkovic, Jakob"]
[Black "Polyakov, Fedor"]
[Result "1-0"]
[ECO "B33"]
[WhiteElo "2242"]
[BlackElo "2036"]
[Annotator "NA"]
[PlyCount "49"]
[EventDate "2018.10.20"]
[EventType "swiss"]
[EventCountry "GRE"]
[SourceTitle "playchess.com"]
[Source "ChessBase"]
[SourceQuality "1"]
[TimeControl "40/5400+30:1800+30"]

1. e4 c5 2. Nf3 Nc6 3. d4 cxd4 4. Nxd4 Nf6 5. Nc3 e5 6. Ndb5 d6 7. Bg5 a6 8. Na3 b5 9. Nd5 Be7 10. Bxf6 Bxf6 11. c3 Ne7 12. Nxf6+ gxf6 13. Nc2 f5 {[%emt 0:00:59] B33: Sicilian: Pelikan and Sveshnikov Variations} (13... Bb7 14. Bd3 d5 15. exd5 Qxd5 16. Ne3 Qe6 17. a4 Rd8 18. Qc2 e4 19. Be2 O-O 20. axb5 axb5 21. Ra5 f5 22. Rxb5 Bc6 23. Bc4 Qd7 24. Rc5 f4 25. Nd1 Ng6 26. h4 Qd6 27. b4 Ba4 {0-1 (27) Lobanov,S (2521)-Reinderman,D (2575) Dieren 2018}) 14. exf5 Nxf5 15. Bd3 d5 16. Bxf5 Bxf5 17. Ne3 Be6 18. Qh5 $146 ({Predecessor:} 18. O-O O-O 19. f4 f6 20. fxe5 fxe5 21. Qh5 {1-0 (46) Huebner,W-Blaskowski,J (2300) Germany 1995}) 18... Qf6 19. O-O Rg8 20. f4 e4 $18 (20... O-O-O $16 {was necessary.}) 21. f5 Bd7 22. Nxd5 Qe5 23. Rad1 e3 24. Rfe1 Kf8 25. Qh6+ 1-0

[Event "WYCC 2018 O18"]
[Site "Halkidiki"]
[Date "2018.10.21"]
[Round "2"]
[White "Tsomaia, Nikoloz"]
[Black "Fortanelli Rios, Juan Manuel"]
[Result "1-0"]
[ECO "B51"]
[WhiteElo "2201"]
[BlackElo "2015"]
[Annotator "NA"]
[PlyCount "55"]
[EventDate "2018.10.20"]
[EventType "swiss"]
[EventCountry "GRE"]
[SourceTitle "playchess.com"]
[Source "ChessBase"]
[SourceQuality "1"]
[TimeControl "40/5400+30:1800+30"]

1. e4 c5 2. Nf3 d6 3. Bb5+ Nd7 4. d4 Ngf6 5. Nc3 a6 6. Bxd7+ Bxd7 ({Better is} 6... Nxd7 $14 7. dxc5 dxc5) 7. dxc5 dxc5 8. e5 Ng8 9. Be3 e6 $1 10. Ne4 Qc7 11. Qd2 Bc6 12. Nd6+ Bxd6 13. exd6 Qc8 14. Ne5 f6 $2 (14... Nf6 $16) 15. Nc4 Rb8 16. Nb6 ({Finger weg von} 16. Bxc5 Bd7 $18) 16... Qd8 17. Bxc5 Nh6 $2 {[%emt 0:00:43] [#]} (17... Bd7 {keeps fighting.} 18. b3 Nh6) 18. d7+ $18 Kf7 19. O-O-O Bxg2 20. Rhg1 Bf3 21. Rde1 Qc7 22. Qc3 Qc6 23. Rg3 Be4 24. Qb4 Bf5 25. Rc3 Qg2 26. Bd6 Qxf2 27. Bg3 Qg2 28. Bxb8 1-0

[Event "WYCC 2018 O18"]
[Site "Halkidiki"]
[Date "2018.10.21"]
[Round "2"]
[White "Liang, Albert"]
[Black "Liska, Jiri"]
[Result "0-1"]
[ECO "B33"]
[WhiteElo "2042"]
[BlackElo "2245"]
[Annotator "NA"]
[PlyCount "150"]
[EventDate "2018.10.20"]
[EventType "swiss"]
[EventCountry "GRE"]
[SourceTitle "playchess.com"]
[Source "ChessBase"]
[SourceQuality "1"]
[TimeControl "40/5400+30:1800+30"]

1. e4 c5 2. Nf3 Nc6 3. d4 cxd4 4. Nxd4 Nf6 5. Nc3 e5 6. Ndb5 d6 7. Bg5 a6 8. Na3 b5 9. Nd5 Be7 10. Bxf6 Bxf6 11. c4 b4 12. Nc2 Rb8 13. b3 Bg5 {[%emt 0:06:58] B33: Sicilian: Pelikan and Sveshnikov Variations} 14. g3 O-O 15. h4 {[%emt 0:04:53] LiveBook: 40 Games} (15. Bg2 a5 16. O-O Ne7 17. h4 Bh6 18. Nxe7+ Qxe7 19. Qd5 Qc7 20. Rad1 Rd8 21. Kh2 Bg4 22. Rde1 Bd7 23. Qd3 Qc5 24. Rd1 {1-0 (55) Nakamura,H (2759)-Van Wely,L (2692) Wijk aan Zee 2012}) 15... Bh6 16. Bh3 Be6 17. Kf1 Qd7 18. Kg2 a5 19. Qd3 Rbe8 20. Rad1 {[%emt 0:20:12] [#]} Kh8 $146 ({Predecessor:} 20... f5 21. exf5 Bxf5 22. Bxf5 Rxf5 {½-½ (33) Tiemann,H (2480)-Novak,J (2545) ICCF email 2009}) 21. Nde3 Bxe3 22. Nxe3 Nd4 23. Nc2 Bxh3+ 24. Rxh3 f5 25. Re1 fxe4 26. Qxe4 Qf7 27. Rf1 Nxc2 28. Qxc2 Qf3+ 29. Kg1 e4 30. Qd1 Qc3 31. Re1 (31. Qe2 $142) 31... e3 32. f4 Re4 33. Re2 (33. Qe2 $17) 33... Rd4 34. Qe1 Re8 35. Rhh2 Qd3 36. Qf1 h6 37. Rhg2 Qe4 38. Re1 {[%emt 0:00:46] [#]} Rd3 ({Better is} 38... a4 $1 $17 39. bxa4 Rxc4) 39. Rge2 a4 40. bxa4 Qd4 41. Qf3 Re4 (41... Qxc4 $17 42. f5 d5) 42. f5 Ra3 43. f6 gxf6 44. Qh5 Kg7 45. Qb5 Qxc4 46. Qb7+ Kg8 47. Qb8+ Kf7 48. Qh8 $2 (48. Qxd6 $11 {and White has nothing to worry.} h5 49. Rf1) 48... d5 49. Rf1 Re6 ({Stronger than} 49... Qxe2 50. Qxf6+ Ke8 51. Qf8+ Kd7 52. Rf7+ Kc6 53. Qc8+ Kd6 54. Qc7+ Ke6 55. Qe7#) 50. Qh7+ Ke8 51. Rfe1 (51. Qg8+ $11 {remains equal.} Kd7 52. Qf7+ Re7 53. Qxf6) 51... Qg4 52. Kh2 (52. Qc7 $142) 52... d4 53. Rc2 $2 (53. Qh8+ {is the only way for White.} Kf7 54. Qh7+ Qg7 55. Qf5) 53... Rc3 54. Rxc3 dxc3 55. Qh8+ Kf7 56. Qh7+ Qg7 57. Qd3 Qg6 58. Qc4 Qe4 59. Qc7+ Re7 60. Qc5 c2 61. Qh5+ Kg7 62. Qc5 Kf7 63. Qh5+ Qg6 64. Qd5+ Kg7 65. Qc5 Re5 66. Qc7+ Kg8 67. Qc8+ Re8 68. Qc4+ Kh8 $19 69. Re2 Qe4 70. Qc7 Re7 71. Qc8+ Kg7 72. a5 Qd3 73. Qg4+ Kh7 74. Re1 Qd2+ 75. Re2 Qxe2+ 0-1

[Event "WYCC 2018 O18"]
[Site "Halkidiki"]
[Date "2018.10.21"]
[Round "2"]
[White "Gonzalez Carrillo, Javier Omar"]
[Black "Ozates, Tuna"]
[Result "1/2-1/2"]
[ECO "B30"]
[WhiteElo "2031"]
[BlackElo "2225"]
[Annotator "NA"]
[PlyCount "115"]
[EventDate "2018.10.20"]
[EventType "swiss"]
[EventCountry "GRE"]
[SourceTitle "playchess.com"]
[Source "ChessBase"]
[SourceQuality "1"]
[TimeControl "40/5400+30:1800+30"]

1. e4 c5 2. Nf3 Nc6 3. b3 e5 4. Bb2 d6 5. g3 g6 6. Bg2 Bg7 7. c3 Nge7 8. O-O O-O 9. h3 $146 {[%emt 0:15:31] A04: Unusual lines after 1 Nf3 and King's Indian Attack} ({Predecessor:} 9. d4 exd4 10. cxd4 Bg4 11. Nbd2 Nxd4 12. Bxd4 Bxd4 13. Rc1 Qd7 14. h3 Bxf3 15. Nxf3 Nc6 16. Nxd4 Nxd4 {0-1 (38) Wohl,A (2360)-Jamieson,R (2455) Melbourne 1993}) 9... d5 10. exd5 Nxd5 11. Re1 Re8 12. d3 Bf5 13. Nh4 Be6 14. Nf3 $1 f5 15. Nbd2 Bf7 16. Qc1 h6 17. Nc4 Qd7 18. Qc2 Rad8 19. Rad1 b5 20. Ne3 Nxe3 21. fxe3 Qc7 22. e4 fxe4 23. dxe4 c4 24. b4 a5 25. a3 Be6 26. Bc1 Rf8 27. Kh2 g5 28. Qe2 axb4 29. axb4 Ra8 30. Qe3 Bf6 31. Rd2 Kg7 32. Red1 Be7 33. h4 Rh8 34. Rf2 g4 35. Ne1 Qa7 36. Nc2 Qc7 37. Rfd2 Ra2 38. Qe2 Rd8 39. Ne3 Raxd2 40. Rxd2 Rxd2 41. Bxd2 h5 42. Nd5 Qd6 43. Qe3 (43. Qf2 $16) 43... Bxd5 44. exd5 Nd8 45. Qa7 Nf7 46. Qb7 Qf6 47. Be3 ({Inferior is} 47. Qxb5 Qf2 $17) 47... Nd6 48. Qd7 Qf7 49. Bc5 Qf6 50. Bxd6 Qxd6 51. Qxb5 e4 52. Qxc4 Bxh4 53. Qd4+ Bf6 54. Qa7+ Kf8 55. Qa8+ Ke7 56. Qb7+ Kd8 57. Qa8+ Ke7 58. Qb7+ $11 1/2-1/2

[Event "WYCC 2018 O18"]
[Site "Halkidiki"]
[Date "2018.10.21"]
[Round "2"]
[White "Bilic, Milanko"]
[Black "Petersson, Baldur Teodor"]
[Result "0-1"]
[ECO "B43"]
[WhiteElo "2009"]
[BlackElo "2195"]
[Annotator "NA"]
[PlyCount "48"]
[EventDate "2018.10.20"]
[EventType "swiss"]
[EventCountry "GRE"]
[SourceTitle "playchess.com"]
[Source "ChessBase"]
[SourceQuality "1"]
[TimeControl "40/5400+30:1800+30"]

1. e4 c5 2. Nf3 e6 3. d4 cxd4 4. Nxd4 a6 5. Nc3 Qc7 6. Bd3 Nc6 7. Nxc6 bxc6 8. Qe2 Nf6 9. O-O d5 10. Bg5 {[%emt 0:07:45] LiveBook: 39 Games} d4 11. e5 dxc3 12. exf6 Qa5 13. Bh4 cxb2 14. Rad1 Bd7 $18 (14... g6 $16) 15. Be4 g6 16. c4 Rb8 17. Bg3 Rb7 18. Rd2 Qc3 19. Rfd1 Bh6 20. Rd4 Bc1 21. R1d3 b1=Q 22. Rxc3 Qa1 23. Rcd3 Bd2+ 24. Qf1 Rb1 0-1

[Event "WYCC 2018 O18"]
[Site "Halkidiki"]
[Date "2018.10.21"]
[Round "3"]
[White "Miciano, John Marvin"]
[Black "Alexakis, Dimitris"]
[Result "1/2-1/2"]
[ECO "A05"]
[WhiteElo "2361"]
[BlackElo "2186"]
[Annotator "NA"]
[PlyCount "122"]
[EventDate "2018.10.20"]
[EventType "swiss"]
[EventCountry "GRE"]
[SourceTitle "playchess.com"]
[Source "ChessBase"]
[SourceQuality "1"]
[TimeControl "40/5400+30:1800+30"]

1. Nf3 Nf6 2. g3 d5 3. Bg2 c5 4. O-O Nc6 5. d4 e6 6. a3 cxd4 7. Nxd4 Bc5 8. Nf3 {[%emt 0:05:50] LiveBook: 4 Games} b5 9. b4 Be7 10. Qd3 a5 11. bxa5 Rxa5 12. Nbd2 b4 13. Nb3 Ra8 14. Nbd4 $15 Nxd4 15. Nxd4 Qd7 16. Bb2 bxa3 17. Bxa3 Bxa3 18. Rxa3 Rxa3 19. Qxa3 Qe7 20. Qa2 O-O 21. Rb1 Qc5 22. e3 Bd7 23. Qb2 Rc8 24. Bf1 h6 25. Ba6 Re8 26. Nf3 Ba4 27. Bd3 Bc6 28. Ne5 Nd7 29. Nxd7 Bxd7 30. Qe5 Rc8 31. Rb7 Be8 32. e4 Qc6 33. Rb1 dxe4 34. Bxe4 Qc5 35. Qxc5 Rxc5 36. Bd3 Kf8 37. Kf1 Ba4 38. Rb2 Ke7 39. Ke2 Bc6 40. Rb4 e5 41. Rc4 Kd6 42. Ke3 Rxc4 43. Bxc4 f6 44. Bd3 Ke6 45. f4 Kd6 46. h4 exf4+ 47. Kxf4 Bd7 48. Bf5 g5+ 49. hxg5 fxg5+ 50. Kg4 Be8 51. c4 Ke5 52. Bd3 Kf6 53. Kf3 h5 54. Ke4 h4 55. gxh4 Bc6+ 56. Kd4 gxh4 57. Bf1 Kg5 58. Ke5 Kg4 59. Kd6 Bf3 60. c5 h3 61. Bxh3+ Kxh3 1/2-1/2

[Event "WYCC 2018 O18"]
[Site "Halkidiki"]
[Date "2018.10.21"]
[Round "3"]
[White "Mitrabha, Guha"]
[Black "Lindbol, Aleksander"]
[Result "1/2-1/2"]
[ECO "A46"]
[WhiteElo "2352"]
[BlackElo "2166"]
[Annotator "NA"]
[PlyCount "138"]
[EventDate "2018.10.20"]
[EventType "swiss"]
[EventCountry "GRE"]
[SourceTitle "playchess.com"]
[Source "ChessBase"]
[SourceQuality "1"]
[TimeControl "40/5400+30:1800+30"]

1. d4 Nf6 2. Nf3 e6 3. c3 b6 4. Bf4 Bb7 5. e3 Be7 6. Nbd2 d6 7. Bd3 Nbd7 8. Qe2 a5 9. h4 a4 10. a3 h6 11. O-O-O c5 $14 12. Kb1 Qc7 13. e4 O-O 14. Bh2 Ng4 15. Bg3 Rac8 16. Bc2 b5 17. dxc5 Nxc5 18. Nd4 Ne5 19. Nxb5 Qb6 20. f4 Ba6 21. fxe5 Bxb5 22. c4 Ba6 23. Qe3 dxe5 24. Bxe5 f6 25. Bc3 e5 26. g4 Qe6 27. Rdg1 Nb3 28. Rg2 Rfd8 29. Nxb3 axb3 30. Bxb3 Bxc4 31. Bxc4 Qxc4 32. Rc1 Qb3 33. g5 fxg5 34. hxg5 Bxg5 35. Rxg5 hxg5 36. Qxg5 Qe6 37. Rg1 Rd7 38. Qg3 Re8 39. Rh1 Qb3 40. Bxe5 Qxg3 41. Bxg3 Rxe4 42. Rh5 Rg4 43. Bb8 g5 44. Be5 Rh7 45. Rxh7 Kxh7 46. b4 Kg6 47. b5 Ra4 48. Kb2 Ra5 49. a4 Kf5 50. Bc7 Rxa4 51. b6 Ke6 52. Kc3 Kd7 53. Kd3 Rb4 54. Kc3 Ra4 55. Kd3 Kc6 56. Ke3 Rb4 57. Kf3 Kd5 58. Bd8 g4+ 59. Kg3 Ke6 60. Bc7 Kf5 61. Kg2 Rb3 62. Kf2 Ke4 63. Kg2 g3 64. Bxg3 Rxb6 65. Bc7 Rb3 66. Kh1 Rb2 67. Bd6 Kf3 68. Bc5 Rb1+ 69. Bg1 Kg3 1/2-1/2

[Event "WYCC 2018 O18"]
[Site "Halkidiki"]
[Date "2018.10.21"]
[Round "3"]
[White "Ahmadzada, Ahmad"]
[Black "Costachi, Mihnea"]
[Result "1/2-1/2"]
[ECO "C68"]
[WhiteElo "2343"]
[BlackElo "2484"]
[Annotator "ChessBase"]
[PlyCount "62"]
[EventDate "2018.10.20"]
[EventType "swiss"]
[EventCountry "GRE"]
[SourceTitle "playchess.com"]
[Source "ChessBase"]
[SourceQuality "1"]
[TimeControl "40/5400+30:1800+30"]

1. e4 e5 2. Nf3 Nc6 3. Bb5 a6 4. Bxc6 dxc6 5. d4 exd4 6. Qxd4 Qxd4 7. Nxd4 Bd7 8. Nc3 O-O-O 9. Be3 Ne7 10. O-O-O Ng6 11. f3 f6 12. Nde2 Bd6 13. Rd2 h5 14. h4 Kb8 15. Bf2 Nf4 16. Bg3 Nxe2+ 17. Nxe2 Bc5 18. Nd4 Rde8 19. Kb1 Bc8 20. Rhd1 g5 21. Nf5 g4 22. Nd4 gxf3 23. gxf3 Rhg8 24. Bf4 Bh3 25. c3 Rg2 26. Rxg2 Bxg2 27. Rd2 Rg8 28. e5 fxe5 29. Bxe5 Bxd4 30. Rxd4 Bxf3 31. Rd7 Be4+ 1/2-1/2

[Event "WYCC 2018 O18"]
[Site "Halkidiki"]
[Date "2018.10.21"]
[Round "3"]
[White "Ranaldi, Lucas"]
[Black "Jain, Gautam"]
[Result "1-0"]
[ECO "E62"]
[WhiteElo "2335"]
[BlackElo "1905"]
[Annotator "ChessBase"]
[PlyCount "111"]
[EventDate "2018.10.20"]
[EventType "swiss"]
[EventCountry "GRE"]
[SourceTitle "playchess.com"]
[Source "ChessBase"]
[SourceQuality "1"]
[TimeControl "40/5400+30:1800+30"]

1. c4 Nf6 2. g3 g6 3. Bg2 Bg7 4. d4 O-O 5. Nf3 d6 6. O-O c6 7. Nc3 Qa5 8. e4 e5 9. d5 cxd5 10. cxd5 Na6 11. Nd2 Ne8 12. a3 Bd7 13. Nb3 Qd8 14. Be3 f5 15. f3 Nf6 16. Kh1 f4 17. Bf2 Bh6 18. Qe2 Bg5 19. Nb5 Ne8 20. a4 h5 21. Rg1 Qf6 22. gxf4 Bxf4 23. Nc1 Nb4 24. Nd3 Nxd3 25. Qxd3 Kh7 26. Nc3 h4 27. Bf1 Ng7 28. Ne2 Bh6 29. Ra3 Nh5 30. Qd1 b6 31. Qe1 Bg5 32. Rxg5 Qxg5 33. Bxh4 Qh6 34. Be7 Rfe8 35. Bxd6 Nf4 36. Nxf4 Qxf4 37. Bb4 Qf6 38. Bd2 Rac8 39. Be2 Kg7 40. a5 b5 41. Rc3 Rxc3 42. Bxc3 g5 43. Qg1 a6 44. Bd2 Kg6 45. h4 g4 46. Bg5 Qd6 47. fxg4 Qb4 48. Qb6+ Re6 49. dxe6 Qxe4+ 50. Kg1 Bc6 51. Bd3 Qxd3 52. Qxc6 Qd4+ 53. Kh2 Qxb2+ 54. Qg2 Qc3 55. e7 Qc8 56. Qe4+ 1-0

[Event "WYCC 2018 O18"]
[Site "Halkidiki"]
[Date "2018.10.21"]
[Round "3"]
[White "Pantzar, Milton"]
[Black "Jimenez Ramallo, Francisco J"]
[Result "1/2-1/2"]
[ECO "D17"]
[WhiteElo "2326"]
[BlackElo "2073"]
[Annotator "ChessBase"]
[PlyCount "112"]
[EventDate "2018.10.20"]
[EventType "swiss"]
[EventCountry "GRE"]
[SourceTitle "playchess.com"]
[Source "ChessBase"]
[SourceQuality "1"]
[TimeControl "40/5400+30:1800+30"]

1. d4 d5 2. c4 c6 3. Nc3 Nf6 4. Nf3 dxc4 5. a4 Bf5 6. Ne5 Nbd7 7. Nxc4 Qc7 8. g3 e5 9. dxe5 Nxe5 10. Bf4 Nfd7 11. Qc1 f6 12. Bg2 Be6 13. Ne3 Bc5 14. O-O g5 15. Bxe5 Qxe5 16. Ne4 Be7 17. Nc4 Qc7 18. Rd1 O-O 19. Ne3 f5 20. Nd2 Rac8 21. Nf3 Ne5 22. Nd4 Bd7 23. Qc2 f4 24. Nef5 Bxf5 25. Nxf5 Kh8 26. Nd4 Rf6 27. Qb3 Ng4 28. Bh3 h5 29. Qc3 fxg3 30. hxg3 Nxf2 31. Bxc8 Nxd1 32. Rxd1 Qxc8 33. Rd3 Kh7 34. Re3 Qf8 35. Nf3 Bc5 36. Kg2 Bxe3 37. Qxe3 Kh8 38. Qxg5 Qf7 39. Qe5 Kg8 40. Qd4 Qe6 41. Qd8+ Kg7 42. Qd2 Qd5 43. Qc3 Qe4 44. Qd2 Rg6 45. Qd7+ Kh6 46. Kf2 Qg4 47. Qc7 Rg7 48. Qe5 c5 49. a5 Kh7 50. Qd6 c4 51. Qe5 b5 52. axb6 axb6 53. Kf1 Qg6 54. Qd5 Re7 55. Kf2 Rg7 56. Kf1 Re7 1/2-1/2

[Event "WYCC 2018 O18"]
[Site "Halkidiki"]
[Date "2018.10.21"]
[Round "3"]
[White "Risting, Eivind Olav"]
[Black "Olimjonov, Sarvarbek"]
[Result "1-0"]
[ECO "A43"]
[WhiteElo "2299"]
[BlackElo "2074"]
[Annotator "NA"]
[PlyCount "109"]
[EventDate "2018.10.20"]
[EventType "swiss"]
[EventCountry "GRE"]
[SourceTitle "playchess.com"]
[Source "ChessBase"]
[SourceQuality "1"]
[TimeControl "40/5400+30:1800+30"]

1. d4 Nf6 2. Nf3 c5 3. d5 b5 4. c3 {[%emt 0:00:55] A43: Schmid Benoni} (4. c4 bxc4 5. Nc3 d6 6. e4 g6 7. h3 Bg7 8. Bxc4 O-O 9. O-O Nbd7 10. Re1 a5 11. Bf4 Ba6 12. Bxa6 Rxa6 13. e5 dxe5 14. Nxe5 Nxe5 15. Bxe5 Rb6 16. Qd2 Rb4 17. a3 {½-½ (41) Kamsky,G (2666)-Alekseev,E (2620) Sochi 2018}) 4... Bb7 5. e4 Nxe4 6. Bxb5 Nf6 7. c4 g6 8. O-O $146 ({Predecessor:} 8. Nc3 Bg7 9. Be3 Qc7 10. O-O O-O 11. Re1 d6 {1-0 (42) Hillarp Persson,T (2543)-Risting,E (2308) Kragero 2018}) 8... Bg7 9. Nc3 O-O 10. Re1 e6 11. Bf4 a6 12. Ba4 Qb6 13. Bb3 exd5 14. cxd5 d6 15. Nd2 Rd8 16. Nc4 Qc7 17. Qf3 Nh5 18. Bg5 Nd7 19. Bxd8 Rxd8 20. Rad1 Ne5 21. Nxe5 Bxe5 22. Bc4 Bc8 23. g3 Ng7 24. Qd3 Bg4 25. f3 Bf5 26. Qd2 Rb8 27. b3 h5 28. Kh1 Bd7 29. Ne2 Nf5 30. Bxa6 Qa7 31. Bc4 Rb4 32. Rf1 Qa3 33. Nc1 Bd4 34. Nd3 Rb8 35. Rfe1 Ra8 36. Re2 Bf6 37. Qf4 g5 38. Qc1 Qa5 39. Nf2 Qd8 40. Ne4 Nd4 41. Rxd4 cxd4 42. Nxd6 g4 43. fxg4 d3 44. Bxd3 Bxg4 45. Re8+ Qxe8 46. Nxe8 Bf3+ 47. Kg1 Bd4+ 48. Kf1 Rxa2 49. Qg5+ Kf8 50. Qh6+ Kxe8 51. Bb5+ Kd8 52. Qd6+ Kc8 53. Ba6+ $18 (53. Qd7+ $142 Kb8 54. Qd8+ Kb7 55. Bc6+ Ka6 56. Qa8+ Kb6 57. Qxa2) 53... Rxa6 54. Qxa6+ Kd8 55. Qd3 1-0

[Event "WYCC 2018 O18"]
[Site "Halkidiki"]
[Date "2018.10.21"]
[Round "3"]
[White "Martinez Fernandez, Adrian"]
[Black "Manu David Suthandram R"]
[Result "1-0"]
[ECO "A02"]
[WhiteElo "2277"]
[BlackElo "1970"]
[Annotator "NA"]
[PlyCount "161"]
[EventDate "2018.10.20"]
[EventType "swiss"]
[EventCountry "GRE"]
[SourceTitle "playchess.com"]
[Source "ChessBase"]
[SourceQuality "1"]
[TimeControl "40/5400+30:1800+30"]

1. f4 c5 2. Nf3 Nc6 3. b3 e6 4. Bb2 Nf6 5. e3 Be7 6. Bb5 O-O {[%emt 0:00:09] A02: Bird's Opening} 7. Bxc6 (7. O-O Qc7 8. Bxc6 Qxc6 9. d3 b5 10. Nbd2 Bb7 11. e4 d5 12. Ne5 Qc7 13. Qe2 c4 14. bxc4 bxc4 15. dxc4 dxe4 {0-1 (45) Grabuzova,T (2348)-Vescovi,G (2648) playchess.com INT 2004}) 7... bxc6 8. O-O d6 9. d3 Nd5 $146 ({Predecessor:} 9... Qc7 10. Nbd2 Rb8 11. Qe2 h6 12. c4 Nd7 13. Qf2 Bf6 14. Bxf6 Nxf6 {1-0 (47) Stratmann,D (1470)-Vasic,M (1690) Seefeld 1999}) 10. Qd2 f5 11. Na3 Bf6 12. Bxf6 Nxf6 13. Nc4 Ba6 14. Rfe1 Re8 15. Nb2 Qc7 16. Na4 Bb5 17. Nb2 Ba6 18. Nd1 Rad8 19. Nf2 Qb6 20. Kh1 d5 21. Ne5 c4 22. bxc4 dxc4 23. d4 c5 24. Rab1 Qc7 25. c3 cxd4 26. exd4 Nd5 27. Nd1 Rd6 28. Ne3 Nf6 29. Rb4 Nd5 30. Nxd5 Rxd5 31. Reb1 Rdd8 32. Qc2 Rd6 33. Qa4 Rc8 34. Kg1 h6 35. Qa3 Kh7 36. Ra4 Bb7 37. Rxc4 Rb6 38. Rxb6 Qxb6 39. Rb4 Qd6 40. Qb2 Ba8 41. Rb5 a6 42. Rb6 Qd5 43. c4 Qd8 44. a4 a5 45. h3 Qe8 46. Rb5 Qh5 47. Qd2 Qh4 48. Rxa5 Qg3 49. Rb5 Rd8 50. Rb2 Qa3 51. a5 Be4 52. Kh2 Qa1 53. Ra2 Rxd4 54. Qb2 Qd1 55. a6 Ba8 56. a7 Rxf4 57. Ra1 Qd6 58. Qb8 Qd4 59. Ra2 Qe4 60. Nd7 Rf1 $1 61. Nf8+ Kg8 $1 {[%emt 0:00:32] [#]} 62. Nd7+ ({Der einzige Zug:} 62. Ng6+ $1 $18 Kh7 63. Qe8) 62... Kh7 63. Nf8+ Kg8 {[%emt 0:00:05] [#]} 64. Nxe6+ $2 Kh7 $1 {Don't take} 65. Nf8+ $6 Kg8 $16 66. Nd7+ Kh7 67. Qe5 Qxc4 68. Nf8+ Kg8 {[%emt 0:00:07] [#]} 69. Ne6 $1 Kf7 70. Qxg7+ Ke8 71. Nc7+ Kd8 72. Rd2+ Kc8 73. Qd7+ Kb7 74. Rb2+ Kxa7 75. Nxa8+ Ka6 76. Nc7+ Ka7 77. Nd5+ Ka6 78. Qb7+ (78. Rb6+ $142 Ka5 79. Qa7+ Qa6 80. Qxa6#) 78... Ka5 79. Qb6+ Ka4 80. Qa7+ Qa6 81. Qxa6# 1-0

[Event "WYCC 2018 O18"]
[Site "Halkidiki"]
[Date "2018.10.21"]
[Round "3"]
[White "Alexiadis, Hristos"]
[Black "Brewer, Callum D"]
[Result "1/2-1/2"]
[ECO "A50"]
[WhiteElo "2263"]
[BlackElo "2056"]
[Annotator "NA"]
[PlyCount "81"]
[EventDate "2018.10.20"]
[EventType "swiss"]
[EventCountry "GRE"]
[SourceTitle "playchess.com"]
[Source "ChessBase"]
[SourceQuality "1"]
[TimeControl "40/5400+30:1800+30"]

1. d4 Nf6 2. c4 b6 3. Nc3 Bb7 4. f3 d5 5. cxd5 Nxd5 6. e4 Nxc3 7. bxc3 e5 {[%emt 0:00:00] A50: Queen's Fianchetto Defence (1 d4 Nf6 2 c4 b6)} 8. Be3 Nd7 (8... Be7 9. dxe5 Nd7 10. Qa4 c6 11. Rd1 b5 12. Qb3 Qa5 13. f4 O-O-O 14. Nf3 Nc5 15. Bxc5 Bxc5 {0-1 (58) Ju,W (2583)-Li,C (2720) Beijing 2017}) 9. Bc4 Qe7 $146 ({Predecessor:} 9... Qh4+ 10. g3 Qh5 11. Qb3 Bd6 12. g4 Qh4+ 13. Bf2 Qf6 14. g5 Qf4 15. h4 {½-½ (23) Provotorov,I (2368)-Moiseenko,V (2528) Voronezh 2017}) 10. Qd2 g6 11. Ne2 Bg7 12. O-O O-O 13. Rad1 Rad8 14. Qc2 Kh8 15. Bf2 exd4 16. cxd4 c5 17. dxc5 Nxc5 18. Nf4 Be5 19. Nd5 Bxd5 20. Bxd5 $14 Rc8 21. Qd2 Na4 22. Bb3 Rfd8 23. Qh6 Nc3 24. Rxd8+ Rxd8 25. g3 Kg8 26. Kg2 Ne2 27. Qe3 Nd4 28. Bd5 Ne6 29. Qb3 Nc7 30. Bc4 b5 31. Bd3 Bd4 32. Be1 a6 33. Ba5 Rd7 34. Rc1 Ne6 35. Rc8+ Kg7 36. Bf1 Qg5 37. h4 Nf4+ 38. Kh2 Bg1+ 39. Kxg1 Qxg3+ 40. Kh1 Qxh4+ 41. Kg1 1/2-1/2

[Event "WYCC 2018 O18"]
[Site "Halkidiki"]
[Date "2018.10.21"]
[Round "3"]
[White "Tsomaia, Nikoloz"]
[Black "Muha, Miljenko"]
[Result "1-0"]
[ECO "B10"]
[WhiteElo "2201"]
[BlackElo "2365"]
[Annotator "ChessBase"]
[PlyCount "119"]
[EventDate "2018.10.20"]
[EventType "swiss"]
[EventCountry "GRE"]
[SourceTitle "playchess.com"]
[Source "ChessBase"]
[SourceQuality "1"]
[TimeControl "40/5400+30:1800+30"]

1. e4 c6 2. d3 d5 3. Nd2 e5 4. Ngf3 Bd6 5. Qe2 Qe7 6. d4 exd4 7. exd5 Nf6 8. Qxe7+ Kxe7 9. dxc6 Nxc6 10. Bb5 Bc5 11. Bxc6 bxc6 12. O-O Rd8 13. Ne5 Bb7 14. Nd3 Bb6 15. b3 Kf8 16. Ba3+ Kg8 17. Be7 Re8 18. Bxf6 gxf6 19. Rfe1 Rad8 20. Nc4 Bc7 21. h3 Kf8 22. Kf1 Bc8 23. Nb4 Bb7 24. Rxe8+ Kxe8 25. Rd1 a5 26. Nd3 Rd5 27. a4 Bc8 28. Nd2 Ba6 29. Ne4 Ke7 30. Re1 Re5 31. Re2 Re6 32. Ke1 f5 33. Nec5 Rxe2+ 34. Kxe2 Bc8 35. Ne1 Kd6 36. Ncd3 c5 37. Nb2 Kd5 38. Nc4 Ba6 39. Kd3 Ke6 40. Nf3 Bb7 41. Na3 Be4+ 42. Kc4 Bf4 43. Kb5 Kd5 44. Ne1 Bd2 45. Nd3 Bxg2 46. h4 Ke4 47. Nc4 Bc3 48. Nxa5 Bf3 49. Nb7 Bd1 50. Nbxc5+ Kd5 51. a5 Bxa5 52. Kxa5 Bxc2 53. b4 Kc4 54. Nb2+ Kc3 55. b5 Kxb2 56. b6 Be4 57. Nxe4 fxe4 58. b7 d3 59. b8=Q+ Kc2 60. Qf4 1-0

[Event "WYCC 2018 O18"]
[Site "Halkidiki"]
[Date "2018.10.21"]
[Round "3"]
[White "Petersson, Baldur Teodor"]
[Black "Agmanov, Zhandos"]
[Result "1/2-1/2"]
[ECO "C00"]
[WhiteElo "2195"]
[BlackElo "2354"]
[Annotator "NA"]
[PlyCount "32"]
[EventDate "2018.10.20"]
[EventType "swiss"]
[EventCountry "GRE"]
[SourceTitle "playchess.com"]
[Source "ChessBase"]
[SourceQuality "1"]
[TimeControl "40/5400+30:1800+30"]

1. e4 e6 2. d3 d5 3. Nd2 c5 4. Ngf3 Nc6 5. g3 g6 6. Bg2 Bg7 7. O-O Nge7 8. Re1 O-O 9. e5 Qc7 10. Qe2 b6 11. c3 a5 12. h4 Ba6 13. Nf1 a4 14. Bf4 b5 $11 15. Qd2 Rfd8 16. N1h2 Kh8 1/2-1/2